 Seeded DCSS version 0.29.1-15-g9cfb28693d (webtiles) character file.

Game seed: 11851575853161599096 (custom seed)

2 Sanktem7 the Shield-Bearer (level 1, -2/18 HPs)
             Began as a Formicid Fighter on Mar 20, 2023.
             Slain by a gnoll
             ... wielding a +0 spear
              (8 damage)
             ... on level 1 of the Dungeon.
             The game lasted 00:00:20 (63 turns).

Sanktem7 the Shield-Bearer (Formicid Fighter)         Turns: 63, Time: 00:00:20

Health: -2/18      AC:  6    Str: 20    XL:     1   Next: 33%
Magic:  1/1        EV:  9    Int:  7    God:
Gold:   0          SH:  5    Dex: 13    Spells: 0/0 levels left

rFire   . . .      SeeInvis +   a - +0 war axe {axe}
rCold   . . .      Faith    .   c - +0 buckler
rNeg    . . .      Spirit   .   b - +0 scale mail
rPois   .          Reflect  .   (helmet unavailable)
rElec   .          Harm     .   (no cloak)
rCorr   .          Rampage  .   (no gloves)
Will    .....                   (no boots)
Stlth   ..........              (no amulet)
HPRegen 0.06/turn               (no ring)
MPRegen 0.07/turn               (no ring)

@: no status effects
A: permanent stasis, dig shafts and tunnels, antennae 3, four strong arms
a: Dig, Shaft Self


You were on level 1 of the Dungeon.
You visited 1 branch of the dungeon, and saw 1 of its levels.


Innate Abilities, Weirdness & Mutations

You cannot be hasted, slowed, berserked, paralysed or teleported.
You can dig through walls and to a lower floor.
You have a pair of large antennae on your head. (SInv)
Your four strong arms can wield two-handed weapons with a shield.


   Skills:
 + Level 3.3 Fighting
 * Level 2.0 Axes
 + Level 3.3 Armour
 + Level 4.0 Shields


You couldn't memorise any spells.
You didn't know any spells.
Your spell library was empty.

Inventory:

Hand Weapons
 a - a +0 war axe (weapon) {axe}
Missiles
 e - 8 stones {throwing}
Armour
 b - a +0 scale mail (worn)
 c - a +0 buckler (worn)
Potions
 d - a potion of might

Dungeon Overview and Level Annotations

Branches:
Dungeon (1/15) Zot: 5932

Altars:

#..##..##. ...
#..##.<##. #.#
###..##..# #.#
###..##..# #.#
##..##..##. #.#
#...##..##. #######.#
#.########.
#..g.#..###.#######..
#@#..............#
#)......)..######
#..........#
....#........#
.>...#........#
................#
........#########
?....... .......


You could see a gnoll.


Message History

Ran out of altars for temple! x3 🤖 Initializing magus.rc ...
Options error: Delay interrupt name "hungry" not recognised. (~/.crawlrc:4856) Options error: Bad monster_list_colour key: strict_neutral (~/.crawlrc:4871) Bad channel name for runrest: 'pray:' ✅ Successfully initialized magus.rc [v1.9.6] Welcome, Sanktem7 the Formicid Fighter.
Game seed: 11851575853161599096 (custom seed) Press ? for a list of commands and other information.
Found a staircase leading out of the dungeon.
Found a stone staircase leading down.
You enter a teleport trap!
The teleport trap disappears.
You sense a monster nearby.
A kobold comes into view. It is wielding a +0 dagger.
The kobold shouts!
The kobold throws a stone.
The stone hits you but does no damage.
A kobold is nearby!
The kobold throws a stone.
The stone hits you. 😕 HP[-1]
You take 1 damage, and now have 17/18 hp.
An endoplasm comes into view.
The endoplasm quivers.
You hit the kobold. The kobold barely misses you.
You slash the kobold!
You kill the kobold!
You hit the endoplasm.
You kill the endoplasm!
No target in view!
No target in view!
No target in view!
No target in view!
e - 5 stones {throwing} You see here a +0 dagger {short}.
You sense a monster nearby. 😎 HP[+1]
Your hp is fully restored (18).
Found a stone staircase leading down.
e - 8 stones {throwing} (gained 3)
A gnoll and a goblin come into view.
The goblin shouts!
The gnoll hits you from afar with a +0 spear. 😕 HP[-2]
You take 2 damage, and now have 16/18 hp.
There are monsters nearby!
There are monsters nearby!
There are monsters nearby!
There are monsters nearby!
You block the gnoll's attack.
Unknown command.
You barely miss the gnoll. The gnoll closely misses you.
You hit the gnoll.
The gnoll hits you with a +0 spear. x2 😮 HP[-4]
You take 4 damage, and now have 12/18 hp.
MASSIVE DAMAGE!! (PAUSE)
You are too injured to fight recklessly!
You are too injured to fight recklessly!
You are too injured to fight recklessly!
You are too injured to fight recklessly!
You are too injured to fight recklessly!
You are too injured to fight recklessly!
You hit the gnoll. The gnoll hits you with a +0 spear.
* * * LOW HITPOINT WARNING * * *
😨 HP[-4]
You take 4 damage, and now have 8/18 hp.
MASSIVE DAMAGE!! (PAUSE)
You hit the gnoll. The gnoll hits you with a +0 spear.
* * * LOW HITPOINT WARNING * * *
😨 HP[-3]
You take 3 damage, and now have 5/18 hp.
You closely miss the gnoll. You slash the goblin!
You kill the goblin!
You block the gnoll's attack. The gnoll hits you with a +0 spear!
You die...

Action                   || total
-------------------------++-------
Melee: War axe           ||     8
Armor: Scale mail        ||     1
Dodge: Dodged            ||     2
Block: Buckler           ||     2

Levels and vault maps discovered:
D:1:      lightli_iron_boxes, layout_basic

Notes
Turn   | Place    | Note
-------+----------+-------------------------------------------
     0 | D:1      | Sanktem7 the Formicid Fighter began the quest for the Orb.
     0 | D:1      | Reached XP level 1. HP: 18/18 MP: 1/1
     0 | D:1      | magus.rc [v1.9.6]
    63 | D:1      | Slain by a gnoll

Vanquished Creatures
  An endoplasm (D:1)
  A goblin (D:1)
  A kobold (D:1)
3 creatures vanquished.

Table legend:
 A = Non-vault XP
 B = Vault XP
 C = Vault XP percentage of total XP
 D = Non-vault monster count
 E = Vault monster count
 F = Vault count percentage of total count
                 A         B        C        D         E       F
            +---------+---------+-------+---------+---------+-------
      Total |       5 |       0 |   0.0 |       3 |       0 |   0.0
            +---------+---------+-------+---------+---------+-------
        D:1 |       5 |       0 |   0.0 |       3 |       0 |   0.0
            +---------+---------+-------+---------+---------+-------

Illustrated notes

Table legend:
 A = Kills in this place as a percentage of kills in entire the game.
 B = Kills by you in this place as a percentage of kills by you in the entire game.
 C = Kills by friends in this place as a percentage of kills by friends in the entire game.
 D = Other kills in this place as a percentage of other kills in the entire game.
 E = Experience gained in this place as a percentage of experience gained in the entire game.
 F = Experience gained in this place divided by the number of levels of this place that you have seen.
                   A       B       C       D       E      F
               +-------+-------+-------+-------+-------+----------------------
         Total | 100.0 | 100.0 |   N/A |   N/A | 100.0 |   5.0
       Dungeon | 100.0 | 100.0 |   N/A |   N/A | 100.0 |   5.0
               +-------+-------+-------+-------+-------+----------------------

Table legend: (Time is in decaauts)
 A = Elapsed time spent in this place.
 B = Non-inter-level travel time spent in this place.
 C = Inter-level travel time spent in this place.
 D = Time resting spent in this place.
 E = Time spent auto-exploring this place.
 F = Levels seen in this place.
 G = Mean time per level.
                   A        B        C        D        E       F      G
               +--------+--------+--------+--------+--------+-----+--------+
         Total |     65 |     65 |      0 |      0 |     41 |   1 |   65.0 |
       Dungeon |     65 |     65 |      0 |      0 |     41 |   1 |   65.0 |
               +--------+--------+--------+--------+--------+-----+--------+

Top non-repeatable levels by time:
     D:1: 65 daAuts
